 Dungeon Crawl Stone Soup version 0.31.0-12-g77e489cdc1 (webtiles) character file.

Game seed: 255818729493842975

1355 DildoBatman the Conjurer (level 8, -1/62 HPs)
             Began as a Formicid Conjurer on Feb 11, 2024.
             Was an Initiate of Kikubaaqudgha.
             Slain by a steam dragon (3 damage)
             ... on level 6 of the Dungeon.
             The game lasted 00:20:39 (5724 turns).

DildoBatman the Conjurer (Formicid Conjurer)        Turns: 5724, Time: 00:20:40

Health: -1/62      AC:  3    Str:  9 (11) XL:     8   Next: 95%
Magic:  1/15       EV: 12    Int: 19 (21) God:    Kikubaaqudgha [......]
Gold:   112        SH:  0    Dex:  9 (12) Spells: 14/17 levels left

rFire   . . .        w - staff of conjuration
rCold   . . .        (no shield)
rNeg    + . .        s - +0 robe
rPois   .            (helmet unavailable)
rElec   .            (no cloak)
rCorr   .            (no gloves)
SInv    +            c - +0 pair of boots
Will    .....        (no amulet)
Stlth   ++           i - ring of positive energy
HPRegen 0.30/turn    u - ring of wizardry
MPRegen 0.14/turn

%: wizardry (x1)
@: studying Unarmed Combat
A: permanent stasis, dig shafts and tunnels, antennae 3, four strong arms
a: Dig, Shaft Self, Renounce Religion


You were on level 6 of the Dungeon.
You worshipped Kikubaaqudgha.
Kikubaaqudgha was noncommittal.
You visited 2 branches of the dungeon, and saw 7 of its levels.
You also visited: Ossuary.

You collected 276 gold pieces.
You spent 164 gold pieces at shops.

Inventory:

Hand Weapons
 q - a +1 dagger of draining
 y - a +0 shortbow
 D - a +0 spear of freezing
Missiles
 l - 5 curare-tipped darts
 o - 2 boomerangs
 F - 6 javelins
Armour
 c - a +0 pair of boots (worn)
 s - a +0 robe (worn)
Magical Staves
 w - a staff of conjuration (weapon)
Jewellery
 i - a ring of positive energy (left hand)
 u - a ring of wizardry (right hand)
Wands
 t - a wand of iceblast (8)
 E - a wand of quicksilver (11)
Scrolls
 a - a scroll of summoning {unknown}
 f - 5 scrolls of teleportation {unknown}
 g - 3 scrolls of immolation {unknown}
 h - 2 scrolls of enchant armour {unknown}
 m - 5 scrolls of identify {unknown}
 n - a scroll of poison {unknown}
 p - a scroll of fear {unknown}
 v - a scroll of revelation
 C - a scroll of blinking {unknown}
Potions
 b - a potion of magic
 d - 4 potions of enlightenment {unknown}
 e - a potion of cancellation {unknown}
 j - 2 potions of lignification {unknown}
 k - 9 potions of curing {unknown}
 r - a potion of brilliance {unknown}
 x - a potion of heal wounds {unknown}
 z - 2 potions of degeneration
 A - a potion of mutation {unknown}
 B - a potion of might {unknown}


   Skills:
 - Level 5.0 Fighting
 - Level 5.0 Armour
 - Level 3.0 Dodging
 - Level 4.0 Stealth
 + Level 5.1 Spellcasting
 + Level 5.8 Conjurations


You had 14 spell levels left.
You knew the following spells:

 Your Spells              Type           Power      Damage    Failure   Level
a - Searing Ray           Conj           80%        2d7       1%          2
c - Magic Dart            Conj           100%       1d8       1%          1

Your spell library contained the following spells:

 Spells                   Type           Power      Damage    Failure   Level
 Fulminant Prism          Conj/Alch      11%        3d9       16%         4
 Iskenderun's Mystic Bla  Conj/Tloc      23%        2d6       16%         4


Dungeon Overview and Level Annotations

Branches:
Dungeon (6/15)             Temple (1/1) D:6         Ossuary (visited)

Altars:
Ashenzari
Cheibriados
Dithmenos
Fedhas
Gozag
Kikubaaqudgha
Nemelex Xobeh
Okawaru
Qazlal
Ru
Sif Muna
Vehumet
Wu Jian
Xom
Yredelemnul
Zin
The Shining One

Shops:
D:1 ?

Annotations:
D:4 exclusion: water moccasin, Sigmund
D:5 exclusions: bombardier beetle, gnoll and 3 sensed monsters (detected), Duvessa, Edmund
D:6 exclusion: steam dragon
Temple 2 transporters


Innate Abilities, Weirdness & Mutations

You cannot be hasted, slowed, berserked, paralysed or teleported.
You can dig through walls and to a lower floor.
You have a pair of large antennae on your head. (SInv)
Your four strong arms can wield two-handed weapons with a shield.


Message History

Casting: Searing Ray (safe; 1% risk of failure)
Confirm with . or Enter, or press ? or * to list all spells.
Aiming: Searing Ray (safe; 1% risk of failure)
Press: ? - help, Shift-Dir - straight line, f/p - steam dragon
Aim: a steam dragon (heavily wounded, lightly drained, 82% to hit)
You feel a surge of power!
The searing ray misses the steam dragon.
The searing ray hits the orc!
You kill the orc!
Kikubaaqudgha accepts your kill. (Press . to maintain the ray.)
The steam dragon barely misses you. The steam dragon claws you.
A gnoll sergeant comes into view. It is wielding a +2 spear of flaming.
The searing ray hits the steam dragon.
The steam dragon is severely wounded.
A bullfrog comes into view.
The steam dragon closely misses you. The steam dragon barely misses you.
The searing ray hits the steam dragon!
The steam dragon is almost dead.
The steam dragon breathes steam at you. The ball of steam hits you!
The bullfrog gives a loud, deep croak!
You hear a roar!
Casting: Searing Ray (safe; 1% risk of failure)
Confirm with . or Enter, or press ? or * to list all spells.
Aiming: Searing Ray (safe; 1% risk of failure)
Press: ? - help, Shift-Dir - straight line, f/p - steam dragon
Aim: a steam dragon (almost dead, catching its breath, lightly drained, 82% to hit)
You feel a surge of power!
The searing ray hits the steam dragon but does no damage.
The steam dragon is almost dead. (Press . to maintain the ray.)
The searing ray hits the steam dragon but does no damage.
The steam dragon is almost dead.
The steam dragon misses you. The steam dragon claws you.
You die...
Kikubaaqudgha rasps: "You have failed me!
Welcome... death!"

,,,,,,,,,,,,,>,,,*,,,,,,,,,,,,*,,
****,,,,,......,,*......,,,,,,*,,
,,,,,,,,,......***.......,,,,,*,,
****,,,,,......###.......,,,,,**,
,,,,,,,,,#...............,,,,,,,,
,,,*,,,,,#..............,,,,,,,,,
,,,,,*,,,#............##*,*,,,,,,
**,,,,,,,.##...........#......o,,
,,,,,,,*,..#....@D.....#.......#,
,**,,,,*,...#####F...)..........,
,,,,,,,*,....#* #....##..........
,*,,,,,,,,#...#*#)...##..........
,,,,,,***,#....##....##.....#...#
,,,,,,,,,,#.....#g...##....##.8.#
****,,,*,,,,,#...###..'...##....,
*,,,*,***,#....##.##..##..#.#,
*,,,*,,{,,#.....#.##.....##.##


You could see a steam dragon (catching breath, drained), a gnoll sergeant and a
bullfrog.

Vanquished Creatures
  An ogre (D:6)
  3 centaurs
  A kobold brigand (D:4)
  A phantom (D:5)
  A scorpion (D:4)
  5 water moccasin zombies (Ossuary)
  A burial acolyte (Ossuary)
  A jelly (D:6)
  A sleepcap (D:4)
  4 hounds
  An iguana (D:5)
  A bullfrog simulacrum (Ossuary)
  A crocodile zombie (Ossuary)
  2 mummies (Ossuary)
  4 gnolls
  8 adders
  4 adder zombies (Ossuary)
  5 ribbon worms
  2 dart slugs
  9 orcs
  4 endoplasms
  5 giant cockroaches
  8 goblins
  6 hobgoblins
  11 jackals
  3 quokkas
  7 ball pythons
  9 bats
  7 frilled lizards
  10 gnoll zombies (Ossuary)
  3 jackal zombies (Ossuary)
  2 kobolds
  7 orc zombies (Ossuary)
138 creatures vanquished.

Notes
Turn   | Place    | Note
-------+----------+-------------------------------------------
     0 | D:1      | DildoBatman the Formicid Conjurer began the quest for the
                  | Orb.
     0 | D:1      | Reached XP level 1. HP: 13/13 MP: 3/3
   244 | D:1      | Found Uxoreck's Magic Scroll Boutique.
   357 | D:1      | Reached XP level 2. HP: 20/20 MP: 3/5
   360 | D:1      | Learned a level 2 spell: Searing Ray
   719 | D:1      | Reached XP level 3. HP: 25/25 MP: 0/6
   803 | D:1      | Reached skill level 1 in Fighting
   869 | D:1      | Reached skill level 1 in Armour
  1131 | D:2      | Reached XP level 4. HP: 26/32 MP: 1/7
  1643 | D:2      | Found a faded altar of an unknown god.
  1751 | D:2      | Found a radiant altar of Vehumet.
  2330 | D:3      | Reached XP level 5. HP: 38/38 MP: 6/9
  2425 | D:3      | Found a broken altar of Ashenzari.
  2850 | D:4      | Noticed a water moccasin
  2850 | D:4      | Noticed a kobold brigand
  3305 | D:4      | Reached XP level 6. HP: 45/45 MP: 5/10
  3513 | D:4      | Noticed Sigmund
  3606 | D:4      | Found a blossoming altar of Fedhas.
  3608 | D:4      | Found a stormy altar of Qazlal.
  3860 | D:5      | Entered Level 5 of the Dungeon
  3964 | D:1      | Bought a scroll of revelation for 82 gold pieces
  3964 | D:1      | Bought a scroll of revelation for 82 gold pieces
  3967 | D:1      | You fall into a shaft and drop 1 floor!
  3970 | D:2      | You fall into a shaft and drop 2 floors!
  3982 | D:5      | Noticed Edmund
  4063 | D:5      | Reached XP level 7. HP: 17/52 MP: 4/12
  4092 | D:5      | Found a sand-covered staircase.
  4191 | Ossuary  | Entered an ossuary
  4688 | Ossuary  | Reached XP level 8. HP: 60/60 MP: 8/14
  4737 | Ossuary  | Reached skill level 5 in Conjurations
  5210 | D:5      | Noticed Duvessa
  5554 | D:6      | Reached skill level 5 in Spellcasting
  5570 | D:6      | Found an opulent altar of Gozag.
  5636 | D:6      | Found a staircase to the Ecumenical Temple.
  5645 | Temple   | Found a transporter.
  5645 | Temple   | Found a transporter.
  5645 | Temple   | Found a transporter.
  5645 | Temple   | Found a transporter.
  5645 | Temple   | Entered the Ecumenical Temple
  5661 | Temple   | Became a worshipper of Kikubaaqudgha
  5705 | D:6      | Reached skill level 5 in Fighting
  5705 | D:6      | Reached skill level 5 in Armour
  5721 | D:6      | HP: 1/62 [steam dragon/ball of steam (8)]
  5724 | D:6      | Slain by a steam dragon

Illustrated notes

Levels and vault maps discovered:
D:1:      lightli_molten_gateway, layout_basic, serial_shops,
          nicolae_shop_rolled_up
D:2:      layout_basic, hellmonk_ecumenical_altar_defaced_shrine, basic_altar,
          nicolae_grassy_gnolls
D:3:      layout_rooms, mainiacjoe_overflow_surrounded_room, fountainhead
D:4:      layout_loops_ring, grunt_temple_overflow_forces_of_nature,
          minmay_manual_monolith, uniq_sigmund
D:5:      layout_cave_pools, chequers_ossuary_entry_cave, uniq_edmund,
          uniq_duvessa
D:6:      hangedman_cross_stitches, layout_basic, mainiacjoe_overflow_brackets,
          mainiacjoe_overflow_concentric_impassable, minmay_temple_entry_waves,
          portal_sewer_entry_d, uniq_maggie
Temple:   hellmonk_temple_divided_pantheon

Skill      XL: |  1  2  3  4  5  6  7  8 |
---------------+-------------------------+-----
Dodging        | 2 3 |  3.0
Fighting       | 1 2 3 5 |  5.0
Armour         | 1 2 3 5 |  5.0
Stealth        | 3 4 |  4.0
Conjurations   | 4 5 |  5.8
Spellcasting   | 3 4 5 |  5.1

Action                     |  1- 3 |  4- 6 |  7- 9 || total
---------------------------+-------+-------+-------++-------
  Melee: Dagger            |     8 |     8 |    24 ||    40
   Cast: Magic Dart        |    39 |    67 |    22 ||   128
         Searing Ray       |     5 |    25 |    36 ||    66
Ability: Shaft Self        |       |     2 |       ||     2
    Use: Scroll            |       |     1 |     1 ||     2
         Potion            |       |       |     1 ||     1
   Stab: Sleeping          |     2 |       |       ||     2
 Armour: Robe              |    18 |    44 |    54 ||   116
  Dodge: Dodged            |    18 |    45 |    67 ||   130
